 Dungeon Crawl Stone Soup version 0.28-a0-819-g6ef7baa362 (webtiles) character file.

Game seed: 9910651046153447203

28774 pokeman the Eclecticist (level 13, -4/72 HPs)
             Began as a Deep Elf Hedge Wizard on Nov 8, 2021.
             Was a High Priest of Vehumet.
             Killed from afar by a gargoyle (18 damage)
             ... with a stone arrow
             ... on level 12 of the Dungeon on Nov 9, 2021.
             The game lasted 00:55:40 (14306 turns).

pokeman the Eclecticist (Deep Elf Hedge Wizard)    Turns: 14306, Time: 00:55:41

Health: -4/72      AC: 16    Str:  7    XL:     13   Next: 11%
Magic:  7/46       EV: 12    Int: 40    God:    Vehumet [*****.]
Gold:   851        SH:  5    Dex: 14    Spells: 24/49 levels left

rFire   + + .      SeeInvis .   p - +10 falchion of Ashenzari's Whim {speed, rF+}
rCold   . . .      Faith    .   z - +0 buckler
rNeg    . . .      Spirit   .   B - +2 leather armour {rF+}
rPois   +          Reflect  .   i - +2 helmet
rElec   .          Harm     .   M - +2 cloak {rPois}
rCorr   .          Rampage  .   j - +0 pair of gloves
Will    +....                   m - +2 pair of boots of the Worm {Int+3}
Stlth   ++........              Q - amulet of Tetait {RegenMP Int+6}
HPRegen 0.22/turn               e - ring of magical power
MPRegen 0.55/turn               G - +6 ring of intelligence

@: no status effects
A: no striking features
a: Renounce Religion


You were on level 12 of the Dungeon.
You worshipped Vehumet.
Vehumet was extremely pleased with you.
You visited 2 branches of the dungeon, and saw 13 of its levels.
You also visited: Gauntlet.

You collected 851 gold pieces.

Inventory:

Hand Weapons
 b - a +2 spear of venom
 l - a +0 arbalest
 p - the +10 falchion of Ashenzari's Whim (weapon) {speed, rF+}
   (You took it off a kobold on level 4 of the Dungeon)

   Attacks with this weapon are significantly faster.
   rF:        It protects you from fire.
Missiles
 u - 112 bolts
 D - 5 throwing nets
Armour
 i - a +2 helmet (worn)
 j - a +0 pair of gloves (worn)
 m - the +2 pair of boots of the Worm (worn) {Int+3}
   (You acquired it in a Gauntlet)

   Int:       It affects your intelligence (+3).
 z - a +0 buckler (worn)
 B - a +2 leather armour of fire resistance (worn)
 K - a +0 troll leather armour
 M - a +2 cloak of poison resistance (worn)
 P - the +0 helmet of the Sun {rPois Slay+2}
   (You found it in a Gauntlet)

   Slay:      It affects your accuracy & damage with ranged weapons and melee
   (+2).
   rPois:     It protects you from poison.
Magical Staves
 r - a staff of death
 H - a staff of poison
 N - a staff of cold
 S - a staff of fire
Jewellery
 e - a ring of magical power (left hand)
 v - the ring "Inoitam" {AC+4 Int+2}
   (You found it in a Gauntlet)

   [ring of protection]

   AC:        It affects your AC (+4).
   Int:       It affects your intelligence (+2).
 F - an amulet of guardian spirit
 G - a +6 ring of intelligence (right hand)
 I - a +6 ring of strength
 J - an amulet of regeneration
 O - the ring "Nypp" {Fly rN++ Dex+2 Slay-4 SInv}
   (You found it in a Gauntlet)

   [ring of see invisible]

   Dex:       It affects your dexterity (+2).
   Slay:      It affects your accuracy & damage with ranged weapons and melee
   (-4).
   rN:        It greatly protects you from negative energy.
   SInv:      It lets you see invisible.
   Fly:       It grants you flight.
 Q - the amulet of Tetait (around neck) {RegenMP Int+6}
   (You took it off a minotaur in a Gauntlet)

   [amulet of magic regeneration]

   It increases your rate of magic regeneration.
   Int:       It affects your intelligence (+6).
 R - a ring of magical power
 T - a ring of wizardry
Wands
 a - a wand of flame (61)
 n - a wand of iceblast (21)
 C - a wand of digging (6)
Scrolls
 c - 4 scrolls of fog
 d - 4 scrolls of enchant armour
 f - a scroll of vulnerability
 h - 4 scrolls of blinking
 o - 5 scrolls of amnesia
 x - 7 scrolls of teleportation
 y - 2 scrolls of noise
 L - 2 scrolls of enchant weapon
 X - 3 scrolls of magic mapping {unknown}
Potions
 g - a potion of cancellation {unknown}
 k - 2 potions of haste
 q - 2 potions of invisibility {unknown}
 s - 3 potions of curing
 t - 3 potions of mutation
 w - 3 potions of magic {unknown}
 A - a potion of ambrosia {unknown}
 E - 2 potions of degeneration {unknown}
 U - a potion of lignification {unknown}
 V - a potion of flight {unknown}
 W - a potion of heal wounds {unknown}


   Skills:
 - Level 5.0 Fighting
 + Level 4.7 Armour
 - Level 3.0 Dodging
 - Level 3.0 Stealth
 - Level 4.0 Shields
 * Level 18.5 Spellcasting
 + Level 11.1 Conjurations
 - Level 1.1 Summonings
 - Level 1.1 Necromancy
 - Level 1.1 Translocations
 + Level 10.3 Fire Magic
 - Level 2.1 Ice Magic
 - Level 1.2 Air Magic
 - Level 2.0 Poison Magic
 - Level 1.0 Evocations


You had 24 spell levels left.
You knew the following spells:

 Your Spells              Type           Power      Damage    Failure   Level
a - Magic Dart            Conj           100%       1d8       0%          1
b - Mephitic Cloud        Conj/Pois/Air  66%        N/A       1%          3
c - Call Imp              Summ           45%        N/A       1%          2
d - Blink                 Tloc           90%        N/A       1%          2
e - Conjure Flame         Conj/Fire      89%        6-21      1%          3
f - Foxfire               Conj/Fire      100%       2x1d9     0%          1
g - Fireball              Conj/Fire      44%        3d18      1%          5
h - Swiftness             Air            47%        N/A       1%          3
i - Lightning Bolt        Conj/Air       36%        1d54      1%          5

Your spell library contained the following spells:

 Spells                   Type           Power      Damage    Failure   Level
 Animate Skeleton         Necr           92%        N/A       1%          1
 Freeze                   Ice            100%       1d11      1%          1
 Pain                     Necr           100%       1d9       1%          1
 Slow                     Hex            100%       N/A       1%          1
 Corpse Rot               Necr/Air       92%        N/A       1%          2
 Ensorcelled Hibernation  Hex/Ice        90%        N/A       1%          2
 Passwall                 Tmut/Erth      30%        N/A       1%          2
 Poisonous Vapours        Pois/Air       100%       N/A       1%          2
 Static Discharge         Conj/Air       72%        N/A       1%          2
 Frozen Ramparts          Ice            100%       1d12      1%          3
 Ozocubu's Armour         Ice            52%        N/A       1%          3
 Vampiric Draining        Necr           46%        2d9       1%          3
 Airstrike                Air            23%        N/A       1%          4
 Fulminant Prism          Conj/Hex       34%        3d16      1%          4
 Hailstorm                Conj/Ice       74%        3d15      1%          4
 Iskenderun's Mystic Bla  Conj/Tloc      72%        2d15      1%          4
 Portal Projectile        Hex/Tloc       82%        N/A       2%          3
 Tukima's Dance           Hex            37%        N/A       3%          3
 Lee's Rapid Deconstruct  Erth           18%        3d12*     8%          5
 Excruciating Wounds      Necr           23%        N/A       19%         5
 Blade Hands              Tmut           18%        N/A       28%         5
 Ozocubu's Refrigeration  Ice            26%        4d10      63%         7
 Invisibility             Hex            18%        N/A       85%         6
 Storm Form               Tmut/Air       21%        N/A       100%        7
 Maxwell's Capacitive Co  Air            23%        ∞         100%        8


Dungeon Overview and Level Annotations

Branches:
Dungeon (12/15)            Temple (1/1) D:5            Lair (0/6) D:9
    Orc (0/2) D:10        Gauntlet (visited)

Altars:
Ashenzari
Cheibriados
Dithmenos
Elyvilon
Fedhas
Gozag
Hepliaklqana
Kikubaaqudgha
Makhleb
Nemelex Xobeh
Okawaru
Qazlal
Ru
Sif Muna
Trog
Uskayaw
Vehumet
Wu Jian
Yredelemnul
Zin
The Shining One

Shops:
D:6 (   D:9 *   D:12 *


Message History

The bolt of lightning hits the orc!!!
You kill the orc!
Vehumet accepts your kill.
You feel your power returning.
The gargoyle hurls a stone arrow at you.
The stone arrow hits you!!
You hit the gargoyle but do no damage.
The gargoyle is severely damaged.
A gargoyle comes into view. It is wielding a +0 dire flail.
The gargoyle hurls a stone arrow at you.
The stone arrow hits you!
You hit the gargoyle.
The gargoyle is almost destroyed.
You hit the gargoyle but do no damage.
The gargoyle is almost destroyed.
The gargoyle hits you with a +0 flail!
You slash the gargoyle!
You destroy the gargoyle!
Vehumet accepts your kill.
The gargoyle hurls a stone arrow at you.
The stone arrow hits you!
* * * LOW HITPOINT WARNING * * *
Casting: Lightning Bolt (dangerous; 1% risk of failure)
Confirm with . or Enter, or press ? or * to list all spells.
You blink.
Found 31 gold pieces.
Aiming: Iceblast
Press: ? - help, Shift-Dir - straight line, f - gargoyle
Aim: a gargoyle, wielding a +0 dire flail (translocational energy)
The mass of ice explodes!
The iceblast engulfs the gargoyle.
The gargoyle is lightly damaged.
Unknown command.
Aiming: Iceblast
Press: ? - help, Shift-Dir - straight line, f/p - gargoyle
Aim: a gargoyle, wielding a +0 dire flail (lightly damaged)
The mass of ice explodes!
The iceblast engulfs the gargoyle!
The gargoyle is heavily damaged.
You feel stable enough to blink again.
The gargoyle hurls a stone arrow at you.
The stone arrow hits you!!
You die...

#.#
##'#####
#.#
#...##
#.#
###..#
#.# ##§#
#.# #9#
######)##
.....)).#
.....)..#
....)).@#
.....)..#
.....)..#
$.......#
.......$#
#########


You could see a gargoyle.

Vanquished Creatures
  Gastronok (D:10)
  A minotaur (Gauntlet)
  Harold (D:7)
  2 hydras (D:12)
  A boulder beetle (D:12)
  5 two-headed ogres
  Urug (D:10)
  3 skeletal warriors (D:11)
  3 sixfirhies (Gauntlet)
  A shining eye (Gauntlet)
  2 manticores
  A deep elf pyromancer (D:12)
  A cyclops (D:11)
  Maurice (D:9)
  3 gargoyles
  A kobold demonologist (D:8)
  An unseen horror (D:10)
  A komodo dragon (D:11)
  A freezing wraith (D:12)
  4 trolls
  Prince Ribbit (D:8)
  12 slime creatures
  3 shadows
  2 wraiths
  A wyvern (D:8)
  6 yaks (D:11)
  Eustachio (D:6)
  A steam dragon (D:6)
  8 vampire mosquitoes
  2 wargs (D:10)
  Edmund (D:6)
  An acid dragon (D:8)
  Duvessa (D:7)
  4 water moccasins
  A floating eye (Gauntlet)
  14 orc warriors
  3 ice beasts
  A black bear (D:9)
  A sky beast (D:5)
  6 ogres
  3 centaurs
  3 boggarts
  2 kobold brigands
  9 bullfrogs
  4 gnoll sergeants
  Dowan (D:7)
  4 scorpions
  A water moccasin zombie (D:5)
  A water moccasin skeleton (D:5)
  4 electric eels (D:6)
  A howler monkey (D:6)
  3 bullfrog skeletons
  6 centaur zombies
  2 jellies
  12 orc priests
  3 iguanas (D:5)
  16 orc wizards
  A hound skeleton (D:4)
  A howler monkey zombie (D:8)
  21 gnolls
  3 adders
  A shadow imp (D:6)
  A white imp (D:6)
  An ufetubus (D:4)
  An adder skeleton (D:4)
  2 worms
  A dart slug (D:2)
  56 orcs
  3 ball pythons (D:2)
  6 endoplasms
  2 giant cockroaches (D:2)
  6 goblins
  4 hobgoblins
  4 jackals (D:1)
  19 kobolds
  4 quokkas
  A bat (shapeshifter) (Gauntlet)
  4 bats (D:2)
  A frilled lizard (D:2)
  8 rats
  2 foxfires
333 creatures vanquished.

Vanquished Creatures (collateral kills)
  16 foxfires
16 creatures vanquished.

Vanquished Creatures (others)
  3 orcs (D:6)
  A demonic plant (Gauntlet)
  546 foxfires
  25 fungi (D:9)
  81 plants
656 creatures vanquished.

Grand Total: 1005 creatures vanquished

Notes
Turn   | Place    | Note
-------+----------+-------------------------------------------
     0 | D:1      | pokeman the Deep Elf Hedge Wizard began the quest for the
                  | Orb.
     0 | D:1      | Reached XP level 1. HP: 10/10 MP: 7/7
   445 | D:1      | Found a faded altar of an unknown god.
   513 | D:1      | Reached XP level 2. HP: 16/16 MP: 9/9
  1046 | D:2      | Found a basalt altar of Yredelemnul.
  1341 | D:2      | Reached skill level 5 in Spellcasting
  1611 | D:2      | Reached XP level 3. HP: 20/20 MP: 11/11
  1745 | D:2      | Learned a level 3 spell: Mephitic Cloud
  1748 | D:2      | Learned a level 2 spell: Call Imp
  1751 | D:2      | Learned a level 2 spell: Blink
  1755 | D:2      | Learned a level 3 spell: Conjure Flame
  1821 | D:2      | Reached skill level 1 in Fighting
  1826 | D:2      | Reached skill level 1 in Armour
  1834 | D:2      | Reached XP level 4. HP: 25/25 MP: 2/13
  2809 | D:3      | Found a bloodstained altar of Trog.
  3011 | D:4      | Identified the +10 falchion of Ashenzari's Whim {speed,
                  | rF+}
  3124 | D:4      | Reached skill level 6 in Spellcasting
  3124 | D:4      | Reached skill level 1 in Fire Magic
  3347 | D:4      | You fall into a shaft and drop 1 floor!
  3347 | D:5      | Entered Level 5 of the Dungeon
  3355 | D:5      | Reached XP level 5. HP: 29/29 MP: 15/15
  3929 | D:5      | Noticed a water moccasin
  3937 | D:5      | Killed a water moccasin
  3938 | D:5      | Reached skill level 1 in Air Magic
  3938 | D:5      | Reached XP level 6. HP: 24/34 MP: 17/17
  4051 | D:5      | Reached skill level 7 in Spellcasting
  4057 | D:5      | Reached skill level 1 in Necromancy
  4057 | D:5      | Reached skill level 1 in Evocations
  4177 | D:5      | Noticed an ice beast
  4190 | D:5      | Killed an ice beast
  4191 | D:5      | Reached skill level 1 in Poison Magic
  4238 | D:5      | Reached XP level 7. HP: 25/38 MP: 15/20
  4388 | D:5      | Reached skill level 8 in Spellcasting
  4568 | D:5      | Learned a level 5 spell: Lightning Bolt
  4586 | D:5      | Found a staircase to the Ecumenical Temple.
  4594 | Temple   | Entered the Ecumenical Temple
  4608 | Temple   | Became a worshipper of Vehumet
  4895 | D:5      | Reached skill level 9 in Spellcasting
  4895 | D:5      | Reached XP level 8. HP: 44/44 MP: 23/23
  5309 | D:6      | Noticed Eustachio
  5351 | D:6      | Killed Eustachio
  5557 | D:6      | Noticed Edmund
  5559 | D:6      | Reached skill level 5 in Conjurations
  5592 | D:6      | Killed Edmund
  5674 | D:6      | Reached skill level 10 in Spellcasting
  5696 | D:6      | Reached skill level 1 in Shields
  5885 | D:6      | Reached * piety under Vehumet
  5885 | D:6      | Offered knowledge of Foxfire by Vehumet.
  5888 | D:6      | Learned a level 1 spell: Foxfire
  6085 | D:6      | Found Guekul's Antique Weapon Emporium.
  6113 | D:6      | Reached XP level 9. HP: 48/48 MP: 25/25
  6396 | D:6      | Reached skill level 11 in Spellcasting
  7091 | D:7      | Noticed Harold
  7135 | D:7      | Killed Harold
  7136 | D:7      | Reached skill level 12 in Spellcasting
  7136 | D:7      | Reached skill level 5 in Fire Magic
  7375 | D:7      | Noticed Dowan
  7377 | D:7      | Noticed Duvessa
  7389 | D:7      | Killed Duvessa
  7392 | D:7      | Killed Dowan
  7454 | D:7      | Found an ornate altar of the Wu Jian Council.
  7577 | D:7      | Reached ** piety under Vehumet
  7577 | D:7      | Offered knowledge of Shock by Vehumet.
  7645 | D:7      | Noticed a +0 dagger
  7645 | D:7      | Noticed a +0 dagger
  7646 | D:7      | Found a hide-covered altar of Uskayaw.
  8101 | D:8      | Noticed a kobold demonologist
  8118 | D:8      | Killed a kobold demonologist
  8119 | D:8      | Reached XP level 10. HP: 50/53 MP: 28/28
  8239 | D:8      | Reached skill level 13 in Spellcasting
  9240 | D:9      | Noticed a two-headed ogre
  9241 | D:9      | Offered knowledge of Inner Flame by Vehumet.
  9493 | D:9      | Noticed Prince Ribbit
  9513 | D:8      | Killed Prince Ribbit
  9540 | D:8      | Killed a two-headed ogre
  9749 | D:8      | Reached skill level 14 in Spellcasting
  9854 | D:9      | Reached *** piety under Vehumet
  9925 | D:9      | Found a glowing golden altar of the Shining One.
  9973 | D:9      | Found a staircase to the Lair.
 10024 | D:9      | Found Pickafor's Assorted Antiques.
 10029 | D:9      | Noticed a two-headed ogre
 10047 | D:9      | Killed a two-headed ogre
 10051 | D:9      | Reached XP level 11. HP: 59/59 MP: 24/31
 10251 | D:9      | Found a sacrificial altar of Ru.
 10322 | D:9      | Found a blossoming altar of Fedhas.
 10366 | D:10     | Entered Level 10 of the Dungeon
 10381 | D:10     | Noticed Urug
 10401 | D:10     | Killed Urug
 10401 | D:10     | Offered knowledge of Dazzling Flash by Vehumet.
 10606 | D:10     | Noticed a two-headed ogre
 10618 | D:10     | Killed a two-headed ogre
 10619 | D:10     | Reached skill level 15 in Spellcasting
 10728 | D:10     | Noticed Maurice
 10823 | D:10     | Noticed a two-headed ogre
 10824 | D:10     | Killed a two-headed ogre
 10826 | D:10     | Reached **** piety under Vehumet
 10855 | D:9      | Killed Maurice
 10906 | D:10     | Noticed Gastronok
 11038 | D:10     | Offered knowledge of Yara's Violent Unravelling by Vehumet.
 11041 | D:10     | Killed Gastronok
 11201 | D:10     | Found a staircase to the Orcish Mines.
 11528 | D:11     | Identified a scroll of acquirement
 11547 | D:11     | Noticed a skeletal warrior
 11641 | D:11     | Found a gate leading to a gauntlet.
 11650 | Gauntlet | Entered a Gauntlet
 11650 | Gauntlet | Found a transporter.
 11650 | Gauntlet | Found a transporter.
 11656 | Gauntlet | Noticed a death scarab
 11670 | Gauntlet | Found a transporter.
 11671 | Gauntlet | Noticed a shining eye
 11685 | Gauntlet | Found a transporter.
 11699 | Gauntlet | Found a transporter.
 11713 | Gauntlet | Found a transporter.
 11719 | Gauntlet | Noticed a sixfirhy
 11721 | Gauntlet | Noticed a sixfirhy
 11725 | Gauntlet | Noticed a sixfirhy
 11729 | Gauntlet | Found a transporter.
 11770 | Gauntlet | Noticed a wizard
 11795 | Gauntlet | Found a transporter.
 11810 | Gauntlet | Found a transporter.
 11816 | Gauntlet | Noticed a fire crab
 11830 | Gauntlet | Found a transporter.
 11840 | Gauntlet | Found a transporter.
 11843 | Gauntlet | Noticed a sixfirhy
 11843 | Gauntlet | Noticed a sixfirhy
 11846 | Gauntlet | Noticed a sixfirhy
 11852 | Gauntlet | Noticed a sixfirhy
 11931 | Gauntlet | Found a transporter.
 11947 | Gauntlet | Found a transporter.
 11957 | Gauntlet | Found a transporter.
 11963 | Gauntlet | Found a transporter.
 12010 | Gauntlet | Acquired the +2 pair of boots of the Worm {Int+3}
 12038 | Gauntlet | Killed a shining eye
 12039 | Gauntlet | Reached skill level 16 in Spellcasting
 12098 | Gauntlet | Identified the ring "Inoitam" {AC+4 Int+2}
 12134 | Gauntlet | Killed a sixfirhy
 12142 | Gauntlet | Killed a sixfirhy
 12152 | Gauntlet | Killed a sixfirhy
 12155 | Gauntlet | Identified the ring "Nypp" {Fly rN++ Dex+2 Slay-4 SInv}
 12161 | Gauntlet | Identified the +0 helmet of the Sun {rPois Slay+2}
 12183 | Gauntlet | Identified the amulet of Tetait {RegenMP Int+6}
 12183 | Gauntlet | Noticed a minotaur
 12197 | Gauntlet | Killed a minotaur
 12198 | Gauntlet | Reached XP level 12. HP: 25/67 MP: 1/34
 12214 | Gauntlet | Got Sif Muna's Collected Works on Lightness
 12220 | Gauntlet | Learned a level 3 spell: Swiftness
 12381 | D:10     | Reached skill level 10 in Conjurations
 12595 | D:11     | Reached skill level 5 in Fighting
 12677 | D:10     | Reached skill level 17 in Spellcasting
 12765 | D:11     | Reached skill level 1 in Ice Magic
 13605 | D:12     | Noticed a two-headed ogre
 13608 | D:12     | Killed a two-headed ogre
 13812 | D:12     | Reached ***** piety under Vehumet
 13889 | D:12     | Offered knowledge of Fireball by Vehumet.
 13891 | D:12     | Reached skill level 18 in Spellcasting
 13897 | D:12     | Learned a level 5 spell: Fireball
 13952 | D:12     | Identified the +1 scale mail of Ojuid {Will- Str+8 Dex+4
                  | Stlth+}
 13984 | D:12     | Reached skill level 10 in Fire Magic
 14008 | D:12     | Noticed a seven-headed hydra
 14010 | D:12     | Killed a seven-headed hydra
 14013 | D:12     | Noticed a boulder beetle
 14017 | D:12     | Killed a boulder beetle
 14022 | D:12     | Noticed a seven-headed hydra
 14025 | D:12     | Killed a seven-headed hydra
 14035 | D:12     | Reached XP level 13. HP: 72/72 MP: 15/37
 14152 | D:12     | Found Sorep's Assorted Antiques.
 14306 | D:12     | Killed from afar by a gargoyle

Illustrated notes

Levels and vault maps discovered:
D:1:      minmay_arrival_up_and_down, layout_rooms,
          hellmonk_ecumenical_altar_pennies_from_heaven
D:2:      layout_basic, basic_altar
D:3:      layout_rooms, trog_book, serial_bayou_lagoon_a
D:4:      layout_loops_ring
D:5:      layout_cave_pools, minmay_temple_entry_gardened_gates
D:6:      layout_loops_ring, serial_bayou, serial_bayou_pond_c,
          serial_bayou_shore_a, serial_bayou_pond_a, serial_bayou_pond_e,
          serial_bayou_ford_a, serial_shops, nicolae_shop_overgrown_old_shop,
          uniq_edmund, uniq_eustachio
D:7:      layout_cave_pods, nicolae_wu_jian_wuxing_cycle,
          dancing_weapons_uskayaw, uniq_harold, uniq_duvessa
D:8:      layout_loops_ring
D:9:      layout_rooms, mainiacjoe_overflow_large_starburst,
          nicolae_ru_awakened_eye, due_lair_maze_entry_diamond, serial_shops,
          nicolae_shop_behind_doors, uniq_prince_ribbit1
D:10:     layout_cave_pools, erik_orc_4, uniq_maurice, uniq_urug, uniq_gastronok
D:11:     layout_stronghold, serial_rivers, chequers_serial_rivers_micro_a,
          chequers_serial_rivers_small_a, chequers_serial_rivers_room_a,
          chequers_serial_rivers_micro_a, chequers_serial_rivers_room_b,
          gauntlet_entry_generic
D:12:     layout_roguey [special_room_orc], serial_shops, shop
Temple:   nicolae_temple_x_marks_the_god

Skill      XL: |  1  2  3  4  5  6  7  8  9 10 11 12 13 |
---------------+----------------------------------------+-----
Spellcasting   | 5 6 7 9 10 12 14 16 18 | 18.5
Fighting       | 1 2 4 5 |  5.0
Armour         | 1 2 3 4 |  4.7
Conjurations   | 2 3 4 5 7 8 9 10 11 | 11.1
Fire Magic     | 1 2 4 5 7 8 10 | 10.3
Dodging        | 3 |  3.0
Stealth        | 3 |  3.0
Air Magic      | 1 |  1.2
Necromancy     | 1 |  1.1
Evocations     | 1 |  1.0
Poison Magic   | 1 2 |  2.0
Shields        | 1 3 4 |  4.0
Ice Magic      | 2 |  2.1
Summonings     | |  1.1
Translocations | |  1.1

Action                   |  1- 3 |  4- 6 |  7- 9 | 10-12 | 13-15 || total
-------------------------+-------+-------+-------+-------+-------++-------
Melee: Falchion          |       |    11 |    60 |    81 |     6 ||   158
       Spear             |       |     1 |       |       |       ||     1
 Fire: Arbalest          |       |       |       |     3 |       ||     3
 Cast: Magic Dart        |   120 |   104 |   112 |     4 |       ||   340
       Mephitic Cloud    |     1 |     3 |    26 |    23 |       ||    53
       Conjure Flame     |       |     8 |    24 |    25 |       ||    57
       Blink             |       |     1 |       |     8 |     1 ||    10
       Foxfire           |       |       |    96 |   233 |       ||   329
       Call Imp          |       |       |       |     5 |       ||     5
       Lightning Bolt    |       |       |       |    95 |    14 ||   109
       Fireball          |       |       |       |    11 |     3 ||    14
Evoke: Wand              |       |       |       |     1 |     2 ||     3
  Use: Scroll            |       |       |       |    11 |       ||    11
 Stab: Confused          |       |       |     6 |     3 |       ||     9
Armor: Robe              |    11 |       |       |       |       ||    11
       Leather armour    |       |    24 |    21 |    96 |     1 ||   142
Dodge: Dodged            |    20 |    25 |    47 |   107 |     2 ||   201
Block: Buckler           |       |       |       |     6 |     1 ||     7

Table legend: (Time is in decaauts)
 A = Elapsed time spent in this place.
 B = Non-inter-level travel time spent in this place.
 C = Inter-level travel time spent in this place.
 D = Time resting spent in this place.
 E = Time spent auto-exploring this place.
 F = Levels seen in this place.
 G = Mean time per level.
                   A        B        C        D        E       F      G
               +--------+--------+--------+--------+--------+-----+--------+
         Total |  14348 |  13925 |    423 |   1404 |   9681 |  14 | 1024.9 |
       Dungeon |  13622 |  13203 |    419 |   1277 |   9510 |  12 | 1135.2 |
        Temple |     28 |     24 |      4 |      0 |     11 |   1 |   28.0 |
      Gauntlet |    696 |    696 |      0 |    127 |    160 |   1 |  696.0 |
               +--------+--------+--------+--------+--------+-----+--------+

Top non-repeatable levels by time:
     D:8: 1840 daAuts
     D:6: 1668 daAuts
     D:2: 1425 daAuts
     D:5: 1311 daAuts
     D:9: 1174 daAuts
     D:7: 1096 daAuts
    D:11: 1081 daAuts
     D:4: 949 daAuts
     D:1: 941 daAuts
    D:10: 859 daAuts
    D:12: 718 daAuts
Gauntlet: 696 daAuts
     D:3: 555 daAuts
  Temple: 28 daAuts
